 Dungeon Crawl Stone Soup version 0.28-a0-1613-gdaab1c2f9b (console) character file.

Game seed: 11414999424150880296

574 Melian the Chopper (level 7, -1/66 HPs)
             Began as a Minotaur Berserker on Jan 21, 2022.
             Was a Believer of Trog.
             Succumbed to Ijyb's poison
             ... on level 3 of the Dungeon.
             The game lasted 00:07:21 (1985 turns).

Melian the Chopper (Minotaur Berserker)             Turns: 1985, Time: 00:07:22

Health: -1/66      AC: 17    Str: 23    XL:     7   Next: 12%
Magic:  6/6        EV:  4    Int:  4    God:    Trog [**....]
Gold:   91         SH:  0    Dex: 10    Spells: 6/6 levels left

rFire   . . .      SeeInvis .   a - +0 hand axe
rCold   . . .      Faith    .   (no shield)
rNeg    . . .      Spirit   .   j - +0 crystal plate armour
rPois   .          Reflect  .   (helmet restricted)
rElec   .          Harm     .   h - +1 cloak
rCorr   .          Rampage  .   (no gloves)
Will    .....                   (no boots)
Stlth   ..........              (no amulet)
HPRegen 0.21/turn               (no ring)
MPRegen 0.10/turn               (no ring)

@: lethally poisoned (-1 -> -19)
A: horns 2, retaliatory headbutt
a: Renounce Religion, Berserk, Trog's Hand


You were on level 3 of the Dungeon.
You worshipped Trog.
Trog was pleased with you.
You visited 1 branch of the dungeon, and saw 3 of its levels.

You collected 91 gold pieces.

Inventory:

Hand Weapons
 a - a +0 hand axe (weapon)
Missiles
 d - 41 arrows
 e - 4 boomerangs of dispersal (quivered)
 f - 3 boomerangs
Armour
 h - a +1 cloak (worn)
 j - a +0 crystal plate armour (worn)
Scrolls
 b - a scroll of identify {unknown}
 c - a scroll of enchant armour {unknown}
 i - 2 scrolls of enchant weapon {unknown}
 l - a scroll of blinking {unknown}
Potions
 g - 4 potions of curing {unknown}
 k - a potion of lignification {unknown}
 m - 2 potions of invisibility {unknown}
 n - a potion of haste {unknown}
 o - a potion of might {unknown}


   Skills:
 + Level 7.3 Fighting
 + Level 7.4 Axes
 - Level 2.5 Armour
 - Level 2.3 Dodging


You had 6 spell levels left.
You didn't know any spells.
Your spell library was empty.

Dungeon Overview and Level Annotations

Branches:
Dungeon (3/15)

Altars:

Annotations:
D:3 Ijyb


Innate Abilities, Weirdness & Mutations

You have a pair of horns on your head.
You reflexively headbutt those who attack you in melee.


Message History

You feel sick. Ijyb hits you but does no damage.
You are more poisoned.
You hit Ijyb.
Ijyb is moderately wounded.
You feel very sick. Ijyb hits you but does no damage.
You are more poisoned.
You closely miss Ijyb. You headbutt Ijyb, but do no damage.
Ijyb is moderately wounded.
You feel very sick. Ijyb screams, "I no like you!" Ijyb closely misses you.
You furiously retaliate!
You headbutt Ijyb, but do no damage. You barely miss Ijyb.
Ijyb is moderately wounded.
You feel very sick.
Ijyb hits you with a +2 dagger of venom.
You are lethally poisoned!
You barely miss Ijyb.
Ijyb is moderately wounded.
* * * LOW HITPOINT WARNING * * *
You feel very sick. Ijyb hits you but does no damage.
You hit Ijyb but do no damage.
Ijyb is moderately wounded.
* * * LOW HITPOINT WARNING * * *
You feel very sick. Ijyb hits you but does no damage.
You are more poisoned.
You barely miss Ijyb.
Ijyb is moderately wounded.
* * * LOW HITPOINT WARNING * * *
You feel very sick.
You hit Ijyb.
Ijyb is moderately wounded.
* * * LOW HITPOINT WARNING * * *
You feel very sick. Ijyb hits you but does no damage.
You closely miss Ijyb. You headbutt Ijyb.
Ijyb is heavily wounded.
You die...

### #.# #.. #.# #.#
#.# ######.###
#........# +........#
#.......@# ..
####....#g.....#
....#####....#.##.###
.................
######.#....#.#.
#......##.#..
#.......... .#
#.......... ..
#...........
#...........
#...........


You could see Ijyb.

Vanquished Creatures
  Grinder (D:3)
  A black bear (D:2)
  An ogre (D:3)
  A scorpion (D:3)
  Natasha (thrice) (D:2)
  Robin (D:2)
  3 dart slugs
  5 endoplasms
  2 giant cockroaches (D:1)
  12 goblins
  9 hobgoblins
  4 quokkas
  2 ball pythons
  4 frilled lizards (D:2)
  3 kobolds
  4 rats
56 creatures vanquished.

Notes
Turn   | Place    | Note
-------+----------+-------------------------------------------
     0 | D:1      | Melian the Minotaur Berserker began the quest for the Orb.
     0 | D:1      | Reached XP level 1. HP: 19/19 MP: 0/0
    91 | D:1      | Noticed a shining eye
    93 | D:1      | Noticed a shining eye
   369 | D:1      | Reached XP level 2. HP: 23/27 MP: 1/1
   744 | D:1      | Found a faded altar of an unknown god.
   747 | D:1      | Noticed an eye of devastation
   747 | D:1      | Noticed a great orb of eyes
   985 | D:2      | Noticed Robin
  1005 | D:2      | Reached XP level 3. HP: 33/34 MP: 2/2
  1009 | D:2      | Killed Robin
  1134 | D:2      | Reached ** piety under Trog
  1164 | D:2      | Noticed Natasha
  1170 | D:2      | Killed Natasha
  1171 | D:2      | Reached XP level 4. HP: 41/41 MP: 3/3
  1331 | D:2      | Noticed Natasha
  1344 | D:2      | Killed Natasha
  1345 | D:2      | Reached skill level 5 in Fighting
  1345 | D:2      | Reached skill level 5 in Axes
  1353 | D:2      | Noticed a black bear
  1365 | D:2      | Killed a black bear
  1366 | D:2      | Reached XP level 5. HP: 35/50 MP: 4/4
  1468 | D:2      | Noticed Natasha
  1473 | D:2      | Killed Natasha
  1704 | D:3      | Noticed Grinder
  1729 | D:3      | Killed Grinder
  1730 | D:3      | Reached XP level 6. HP: 45/58 MP: 5/5
  1957 | D:3      | Noticed Ijyb
  1965 | D:3      | Reached XP level 7. HP: 57/66 MP: 6/6
  1984 | D:3      | HP: 3/66 [poisoned by Ijyb]
  1985 | D:3      | Succumbed to Ijyb's poison

Illustrated notes

Levels and vault maps discovered:
D:1:      saegor_arrival_fortress, layout_loops_ring,
          hellmonk_ecumenical_altar_watching_god
D:2:      layout_basic, uniq_robin, uniq_natasha
D:3:      layout_basic, uniq_grinder, uniq_ijyb

Skill      XL: |  1  2  3  4  5  6 |
---------------+-------------------+-----
Fighting       | 4 5 6 7 |  7.3
Axes           | 4 5 6 7 |  7.4
Armour         | |  2.5
Dodging        | |  2.3

Action                   |  1- 3 |  4- 6 |  7- 9 || total
-------------------------+-------+-------+-------++-------
Melee: Hand axe          |    44 |    90 |    20 ||   154
       Headbutt          |     4 |    18 |     4 ||    26
       Punch             |     1 |     1 |       ||     2
Invok: Berserk           |     1 |       |       ||     1
 Stab: Sleeping          |     1 |       |       ||     1
Armor: Animal skin       |     6 |       |       ||     6
       Crystal plate arm |       |    61 |    15 ||    76
Dodge: Dodged            |    24 |    13 |     1 ||    38

Table legend: (Time is in decaauts)
 A = Elapsed time spent in this place.
 B = Non-inter-level travel time spent in this place.
 C = Inter-level travel time spent in this place.
 D = Time resting spent in this place.
 E = Time spent auto-exploring this place.
 F = Levels seen in this place.
 G = Mean time per level.
                   A        B        C        D        E       F      G
               +--------+--------+--------+--------+--------+-----+--------+
         Total |   2002 |   1973 |     29 |      0 |   1404 |   3 |  667.3 |
       Dungeon |   2002 |   1973 |     29 |      0 |   1404 |   3 |  667.3 |
               +--------+--------+--------+--------+--------+-----+--------+

Top non-repeatable levels by time:
     D:1: 987 daAuts
     D:2: 712 daAuts
     D:3: 301 daAuts
